 Dungeon Crawl Stone Soup version 0.21.1-1-g345015f (webtiles) character file.

37183 sking99 the Severer (level 13, 0/123 HPs)
             Began as a Hill Orc Monk on June 30, 2018.
             Was an Elder of Uskayaw.
             Slain by a five-headed hydra (1 damage)
             ... on level 6 of the Lair of Beasts.
             The game lasted 00:46:56 (20764 turns).

sking99 the Severer (Hill Orc Monk)                Turns: 20764, Time: 00:46:56

Health: 0/123      AC: 21    Str: 22    XL:     13   Next: 95%
Magic:  20/23      EV: 11    Int: 14    God:    Uskayaw [****..]
Gold:   988        SH:  0    Dex: 14    Spells: 12/12 levels left

rFire    + . .     SeeInvis .   b - +2 mace (protect)
rCold    . . .     Gourm    .   (no shield)
rNeg     + . .     Faith    +   N - +2 chain mail "Cukkyesk" {rF+}
rPois    .         Spirit   .   e - +0 helmet
rElec    .         Reflect  .   (no cloak)
rCorr    .         Harm     .   m - +0 pair of gloves of the Disturbing Ghosts {rN+ Str+4 Int+4}
MR       +....     Clarity  +   (no boots)
Stlth    ..........             h - amulet of faith
HPRegen  0.30/turn              S - +3 ring of evasion
MPRegen  0.18/turn              x - ring of protection from magic

@: protection aura
A: thin metallic scales 1, clarity
a: Stomp, Line Pass, Renounce Religion


You were on level 6 of the Lair of Beasts.
You worshipped Uskayaw.
Uskayaw was pleased with you.
You were not hungry.

You visited 3 branches of the dungeon, and saw 18 of its levels.
You also visited: Ossuary.

You collected 1466 gold pieces.
You spent 478 gold pieces at shops.

Inventory:

Hand Weapons
 a - a +2 battleaxe of freezing
 b - a +2 mace of protection (weapon)
 Y - a +0 dire flail
Armour
 e - a +0 helmet (worn)
 m - the +0 pair of gloves of the Disturbing Ghosts (worn) {rN+ Str+4 Int+4}
   (You found it on level 6 of the Dungeon)

   It affects your strength (+4).
   It affects your intelligence (+4).
   It protects you from negative energy.
 N - the +2 chain mail "Cukkyesk" (worn) {rF+}
   (You found it on level 4 of the Lair of Beasts)

   It protects you from fire.
 O - a +2 helmet of see invisible
 P - the +1 ring mail "Beinnel" {rC++ MR+ Str-3 Dex+2}
   (You bought it in a shop on level 10 of the Dungeon)

   It affects your strength (-3).
   It affects your dexterity (+2).
   It greatly protects you from cold.
   It affects your resistance to hostile enchantments.
Jewellery
 f - a +2 ring of protection {unknown}
 h - an amulet of faith (around neck)
 k - an uncursed ring of stealth
 u - an uncursed amulet of regeneration
 x - a ring of protection from magic (right hand)
 S - a +3 ring of evasion (left hand)
Wands
 d - a wand of disintegration (17)
 s - a wand of paralysis (10)
 t - a wand of random effects (29)
 I - a wand of scattershot (7)
 Z - a wand of acid (7)
Scrolls
 r - 9 scrolls of teleportation
 y - 3 scrolls of fog
 A - a scroll of torment
 B - a scroll of amnesia
 C - 3 scrolls of blinking
 E - 2 scrolls of remove curse
 H - a scroll of immolation
 Q - 3 scrolls of identify
 R - a scroll of holy word
 T - 2 scrolls of fear
Potions
 i - a potion of invisibility
 n - a potion of flight {unknown}
 o - 6 potions of curing
 p - 6 potions of degeneration
 q - 4 potions of agility
 v - a potion of heal wounds
 z - a potion of lignification
 F - 4 potions of brilliance
 G - 2 potions of resistance
 L - a potion of mutation
 U - a potion of haste
 V - a potion of might
 X - a potion of cancellation {unknown}
Books
 g - a book of Maledictions

   Spells                             Type                      Level
   a - Corona                         Hexes                        1
   b - Ensorcelled Hibernation        Hexes/Ice                    2
   c - Confuse                        Hexes                        3
   d - Tukima's Dance                 Hexes                        3
   e - Dazzling Spray                 Conjuration/Hexes            3
 j - a book of Frost

   Spells                             Type                      Level
   a - Freeze                         Ice                          1
   b - Throw Frost                    Conjuration/Ice              2
   c - Ozocubu's Armour               Charms/Ice                   3
   d - Throw Icicle                   Conjuration/Ice              4
   e - Summon Ice Beast               Ice/Summoning                4
 l - a book of Minor Magic

   Spells                             Type                      Level
   a - Magic Dart                     Conjuration                  1
   b - Blink                          Translocation                2
   c - Call Imp                       Summoning                    2
   d - Slow                           Hexes                        2
   e - Conjure Flame                  Conjuration/Fire             3
   f - Mephitic Cloud                 Conjuration/Poison/Air       3
 J - a book of Flames

   Spells                             Type                      Level
   a - Flame Tongue                   Conjuration/Fire             1
   b - Throw Flame                    Conjuration/Fire             2
   c - Conjure Flame                  Conjuration/Fire             3
   d - Inner Flame                    Hexes/Fire                   3
   e - Sticky Flame                   Conjuration/Fire             4
   f - Fireball                       Conjuration/Fire             5
 K - a book of Changes

   Spells                             Type                      Level
   a - Beastly Appendage              Transmutation                1
   b - Sticks to Snakes               Transmutation                2
   c - Spider Form                    Transmutation/Poison         3
   d - Ice Form                       Ice/Transmutation            4
   e - Blade Hands                    Transmutation                5
Comestibles
 c - 29 rations
 w - 8 chunks of flesh


   Skills:
 + Level 13.9 Fighting
 - Level 20.0 Axes
 - Level 2.4 Dodging
 - Level 1.5 Stealth
   Level 4.0 Shields
 + Level 14.3 Invocations


You had 12 spell levels left.
You didn't know any spells.

Dungeon Overview and Level Annotations

Branches:
Dungeon (11/15)            Temple (1/1) D:6            Lair (6/6) D:8
  Swamp (0/4) Lair:4       Spider (0/4) Lair:2          Orc (0/2) D:11
  Slime: Lair:5-6

Altars:
Ashenzari
Cheibriados
Dithmenos
Elyvilon
Fedhas
Gozag
Hepliaklqana
Kikubaaqudgha
Makhleb
Nemelex Xobeh
Okawaru
Qazlal
Ru
Sif Muna
Trog
Uskayaw
Vehumet
Wu Jian
Xom
Yredelemnul
Zin

Shops:
D:6 :   D:10 [

Annotations:
Lair:4 exclusion: 2 oklob plants


Innate Abilities, Weirdness & Mutations

You are partially covered in thin metallic scales. (AC +2)
You possess an exceptional clarity of mind.


Message History

The five-headed hydra bites you but does no damage. x2
The five-headed hydra barely misses you.
The five-headed hydra bites you but does no damage.
The five-headed hydra misses you. The spiny frog closely misses you.
You stomp with the beat, sending a shockwave through the revelers around you!
The five-headed hydra is almost dead.
The spiny frog is almost dead.
The manticore is heavily wounded.
You feel somewhat more hungry.
You can no longer merge with and destroy a victim.
The manticore closely misses you.
The manticore claws you but does no damage. x2
The spiny frog stings you but does no damage.
The five-headed hydra closely misses you.
The five-headed hydra bites you!
* * * LOW HITPOINT WARNING * * *
The five-headed hydra bites you.
* * * LOW HITPOINT WARNING * * *
The five-headed hydra closely misses you.
The five-headed hydra bites you.
You die...

# ..# .# # #.P ...
#.#.##.# .. .#.#.#.# #.###
.......(## #...##
.#.#.#.#.# #...$###
........###. #...##.##
.#.#.#<#.# #..#H#F#...##
........## #...D@.#....##
.#.#.#†#.####...#.....#.#
.........P##...........##
.#.#÷#.#.#####...#......#
.........# #...#####..##
.#.#.#.#.## #####.......#
.........P########...#÷.P#
.#.#.#.#.###P....#...†...#
..........##.....#####..##


You could see a five-headed hydra, a manticore and a spiny frog.

Vanquished Creatures
  The ghost of sking99 the Spear-Bearer, a journeyman MiFi of Yredelemnul (D:11)
  3 hydras
  The ghost of sefi the Spear-Bearer, a journeyman MfFi (D:10)
  Erolcha (D:10)
  A catoblepas (Lair:4)
  A two-headed ogre (D:8)
  7 death yaks
  2 unseen horrors
  Pikel (D:8)
  A necromancer (Lair:3)
  The ghost of RottenKnight the Conjurer, a novice DrCj (D:5)
  A wolf spider (Lair:2)
  A manticore (D:6)
  5 elephants
  6 spiny frogs
  Psyche (D:8)
  3 torpor snails (Lair:1)
  3 rime drakes (Lair:4)
  5 komodo dragons
  A jumping spider (Lair:2)
  A troll (D:6)
  11 blink frogs
  8 hippogriffs
  A dream sheep (Lair:6)
  Sigmund (D:2)
  A spriggan (D:9)
  A redback (Lair:2)
  25 yaks
  3 basilisks
  2 steam dragons
  A hungry ghost (D:10)
  2 acid dragons (D:6)
  10 water moccasins
  The ghost of lotte the Magician, an amateur DEWz of Vehumet (D:4)
  10 porcupines
  2 orc warriors
  An ice beast (D:9)
  4 slaves (D:8)
  3 sky beasts
  2 phantoms
  3 wolves (Lair:6)
  An elephant zombie (Lair:3)
  A necrophage (D:9)
  4 ogres
  A centaur (D:8)
  10 crocodiles
  3 big kobolds
  A gnoll sergeant (D:10)
  18 bullfrogs
  3 elf zombies (Ossuary)
  3 wyvern zombies
  A water moccasin zombie (D:8)
  3 scorpions
  4 killer bees (D:10)
  5 wights
  3 electric eels
  3 howler monkeys (D:8)
  7 crimson imps
  2 bullfrog zombies
  6 centaur zombies
  4 human zombies (Ossuary)
  A quasit (D:10)
  6 hounds
  A jelly (D:8)
  8 orc wizards
  3 iguanas
  A bullfrog skeleton (D:10)
  3 worker ants
  A crocodile zombie (Lair:3)
  2 hound skeletons
  3 mummies (Ossuary)
  A worker ant zombie (D:6)
  3 adders
  6 gnolls
  2 hound simulacra (D:9)
  A shadow imp (D:8)
  2 white imps (D:9)
  An adder zombie (D:6)
  2 worms
  A dart slug (D:1)
  6 leopard geckos
  18 orcs
  5 bats
  6 giant cockroaches
  8 goblins
  7 hobgoblins
  8 jackals
  2 quokkas
  A ball python (D:11)
  3 frilled lizards
  7 kobolds
  A leopard gecko skeleton (D:7)
  10 rats
  A fungus (Lair:2)
  5 plants
358 creatures vanquished.

Vanquished Creatures (others)
  3 fungi
  15 plants
18 creatures vanquished.

Grand Total: 376 creatures vanquished

Notes
Turn   | Place    | Note
-------+----------+-------------------------------------------
     0 | D:1      | sking99 the Hill Orc Monk began the quest for the Orb.
     0 | D:1      | Reached XP level 1. HP: 19/19 MP: 1/1
    75 | D:1      | Reached XP level 2. HP: 19/27 MP: 2/2
   672 | D:1      | Reached skill level 5 in Axes
   672 | D:1      | Reached XP level 3. HP: 33/33 MP: 3/3
  1117 | D:2      | Noticed Sigmund
  1124 | D:2      | Gained mutation: You are partially covered in thin metallic scales. (AC +2) [potion of mutation]
  1124 | D:2      | Gained mutation: You possess an exceptional clarity of mind. [potion of mutation]
  1144 | D:2      | Killed Sigmund
  1144 | D:2      | Reached skill level 5 in Fighting
  1144 | D:2      | Reached skill level 7 in Axes
  1144 | D:2      | Reached XP level 4. HP: 29/42 MP: 4/4
  1144 | D:2      | Reached XP level 5. HP: 33/48 MP: 5/5
  1876 | D:3      | Reached XP level 6. HP: 55/56 MP: 6/6
  2093 | D:3      | Found a bloodstained altar of Trog.
  2098 | D:3      | Found a shadowy altar of Dithmenos.
  2206 | D:3      | Found an opulent altar of Gozag.
  2217 | D:3      | Found an ornate altar of the Wu Jian Council.
  3583 | D:4      | Reached skill level 8 in Axes
  3583 | D:4      | Reached skill level 1 in Shields
  3908 | D:4      | Noticed lotte's ghost (amateur DEWz)
  4182 | D:4      | Killed lotte's ghost
  4182 | D:4      | Reached skill level 9 in Axes
  4182 | D:4      | Reached XP level 7. HP: 30/61 MP: 7/7
  4444 | D:4      | Found a hide-covered altar of Uskayaw.
  4447 | D:4      | Became a worshipper of Uskayaw the Reveler
  4447 | D:4      | Reached * piety under Uskayaw
  4508 | D:5      | Entered Level 5 of the Dungeon
  4625 | D:5      | Reached ** piety under Uskayaw
  4630 | D:5      | Reached *** piety under Uskayaw
  4691 | D:5      | Found a shattered altar of Ashenzari.
  4778 | D:5      | Found a sand-covered staircase.
  4782 | Ossuary  | Entered an ossuary
  4841 | Ossuary  | Reached **** piety under Uskayaw
  4858 | Ossuary  | Reached skill level 1 in Invocations
  4875 | Ossuary  | Reached ***** piety under Uskayaw
  5068 | Ossuary  | Reached XP level 8. HP: 47/69 MP: 9/9
  5092 | Ossuary  | Reached skill level 10 in Axes
  5137 | Ossuary  | Paralysed by fainting for 5 turns
  5799 | D:5      | Noticed RottenKnight's ghost (novice DrCj)
  6468 | D:5      | Killed RottenKnight's ghost
  6468 | D:5      | Reached skill level 11 in Axes
  6468 | D:5      | Reached XP level 9. HP: 23/78 MP: 10/12
  6921 | D:6      | Found a staircase to the Ecumenical Temple.
  6926 | D:6      | Got a pair of scorched gloves
  6937 | D:6      | Identified the cursed +0 pair of gloves of the Disturbing Ghosts {rN+ Str+4 Int+4} (You found it on level 6 of the Dungeon)
  6943 | Temple   | Entered the Ecumenical Temple
  7194 | D:6      | Found Telaej's Book Shop.
  7413 | D:6      | Found an iron altar of Okawaru.
  7435 | D:6      | You fall through a shaft for 3 floors!
  7444 | D:9      | Reached skill level 5 in Invocations
  7513 | D:9      | Reached skill level 12 in Axes
  7753 | D:8      | Noticed a two-headed ogre
  8135 | D:7      | You fall through a shaft for 3 floors!
  8135 | D:10     | Entered Level 10 of the Dungeon
  8154 | D:10     | Noticed Erolcha
  8190 | D:10     | Noticed sefi's ghost (journeyman MfFi)
  8551 | D:6      | Noticed a troll
  8560 | D:6      | Killed a troll
  8560 | D:6      | Reached skill level 13 in Axes
  8758 | D:6      | Reached XP level 10. HP: 53/88 MP: 15/15
  8765 | D:6      | Killed an unseen horror
  8773 | D:6      | Reached skill level 14 in Axes
  8777 | D:6      | Noticed a manticore
  8779 | D:6      | Reached ****** piety under Uskayaw
  8783 | D:6      | Killed a manticore
  9597 | D:8      | Noticed Psyche
  9613 | D:8      | Killed Psyche
  9662 | D:8      | Noticed Pikel
  9690 | D:8      | Killed Pikel
  9755 | D:8      | Reached skill level 15 in Axes
  9757 | D:8      | Found a staircase to the Lair.
  9804 | D:8      | Found a stormy altar of Qazlal.
  9818 | D:8      | Reached XP level 11. HP: 68/99 MP: 17/17
 10064 | D:8      | Killed a two-headed ogre
 10064 | D:8      | Reached skill level 10 in Fighting
 10171 | D:8      | Found a blossoming altar of Fedhas.
 11335 | D:10     | Killed sefi's ghost
 11335 | D:10     | Reached skill level 10 in Invocations
 11429 | D:10     | Reached skill level 16 in Axes
 11503 | D:10     | Killed Erolcha
 11909 | D:10     | Found Zaiq's Antique Armour Shoppe.
 11914 | D:10     | Bought a glowing helmet for 217 gold pieces
 11914 | D:10     | Bought a transparent ring mail for 261 gold pieces
 11929 | D:10     | Identified the cursed +1 ring mail "Beinnel" {rC++ MR+ Str-3 Dex+2} (You bought it in a shop on level 10 of the Dungeon)
 12269 | D:11     | Noticed sking99's ghost (journeyman MiFi)
 12294 | D:11     | Killed sking99's ghost
 12588 | D:11     | Noticed an unseen horror
 12606 | D:11     | Killed an unseen horror
 12711 | D:11     | Found a staircase to the Orcish Mines.
 13050 | Lair:1   | Entered Level 1 of the Lair of Beasts
 13374 | Lair:1   | Found a snail-covered altar of Cheibriados.
 13387 | Lair:1   | Reached skill level 17 in Axes
 13566 | Lair:1   | Reached XP level 12. HP: 110/110 MP: 20/20
 15265 | Lair:2   | Reached skill level 18 in Axes
 15363 | Lair:2   | Found a hole to the Spider Nest.
 16079 | Lair:3   | Noticed a six-headed hydra
 16942 | Lair:3   | Killed a six-headed hydra
 17117 | Lair:3   | Noticed a five-headed hydra
 17130 | Lair:3   | Killed a five-headed hydra
 18009 | Lair:3   | Reached XP level 13. HP: 113/119 MP: 22/22
 18396 | Lair:4   | Reached skill level 19 in Axes
 18673 | Lair:4   | Got a bloodstained chain mail
 18674 | Lair:4   | Identified the +2 chain mail "Cukkyesk" {rF+} (You found it on level 4 of the Lair of Beasts)
 19166 | Lair:4   | Found a staircase to the Swamp.
 20274 | Lair:5   | Reached skill level 20 in Axes
 20625 | Lair:6   | Entered Level 6 of the Lair of Beasts
 20764 | Lair:6   | HP: 3/123 [five-headed hydra (8)]
 20764 | Lair:6   | HP: 1/123 [five-headed hydra (2)]
 20764 | Lair:6   | Slain by a five-headed hydra

Skill      XL: |  1  2  3  4  5  6  7  8  9 10 11 12 13 |
---------------+----------------------------------------+-----
Fighting       | 4 5 6 8 9 11 12 13 | 13.9
Axes           | 5 7 9 11 13 15 17 18 20 | 20.0
Shields        | 2 3 4 |  4.0
Invocations    | 2 4 7 9 11 12 14 | 14.3
Dodging        | |  2.4
Stealth        | |  1.5

Action                   |  1- 3 |  4- 6 |  7- 9 | 10-12 | 13-15 || total
-------------------------+-------+-------+-------+-------+-------++-------
Melee: Hand axe          |   117 |   204 |   481 |       |       ||   802
       Battleaxe         |       |       |    63 |   481 |   161 ||   705
       Mace              |       |       |       |    23 |     8 ||    31
Throw: Stone             |       |    13 |     7 |       |       ||    20
Invok: Stomp             |       |       |     2 |     1 |     1 ||     4
Evoke: Wand              |       |     1 |       |       |       ||     1
  Use: Potion            |     3 |     1 |       |     2 |     2 ||     8
       Scroll            |       |       |    15 |    15 |     2 ||    32
 Stab: Sleeping          |     1 |       |       |     3 |       ||     4
       Paralysed         |       |       |    16 |    37 |    24 ||    77
  Eat: Chunk             |       |     8 |     4 |    13 |     9 ||    34
       Ration            |       |     1 |     3 |     5 |       ||     9
Armor: Ring mail         |    48 |    63 |    89 |    88 |     2 ||   290
       Robe              |     1 |       |       |       |       ||     1
       Skin              |     8 |       |       |       |       ||     8
       Chain mail        |       |       |    70 |    29 |    83 ||   182
       Steam dragon scal |       |       |       |    50 |       ||    50
Dodge: Dodged            |    67 |   102 |   155 |   278 |    74 ||   676
Block: Buckler           |       |     6 |    56 |       |       ||    62
